PAAA
BAKERSFIELD NOBLES @ PAWNEE PARKSNREC
06/30/2026
 
TOP OF THE 1ST
Bakersfield Nobles batting - Pitching for Pawnee ParksNRec : RHP Rodas Aguilar
Pitching: RHP Rodas Aguilar
Batting: RHB Gabriel Maldonado 0-0: Ball
1-0: Ball
2-0: SOLO HOME RUN (Flyball, 78XD), Distance : 431 ft
Batting: RHB Caleb Lee 0-0: Called Strike
0-1: Called Strike
0-2: Foul Ball, location: 2F
0-2: Fly out, F8 (Flyball, 8RS)
Batting: LHB Pancho García 0-0: Ball
1-0: Called Strike
1-1: Ball
2-1: Foul Ball, location: 2F
2-2: Ball
3-2: Strikes out swinging
Batting: LHB Jorge Alejándrez 0-0: Called Strike
0-1: Ball
1-1: Ball
2-1: Foul Ball, location: 2F
2-2: SOLO HOME RUN (Flyball, 8LXD), Distance : 449 ft
Batting: RHB Alfredo García 0-0: Ball
1-0: Called Strike
1-1: Ground out 6-3 (Groundball, 6)
Top of the 1st over - 2 run(s), 2 hit(s), 0 error(s), 0 left on base; Bakersfield 2 - Pawnee 0
BOTTOM OF THE 1ST
Pawnee ParksNRec batting - Pitching for Bakersfield Nobles : LHP John Kirk
Pitching: LHP John Kirk
Batting: RHB Wilbur Davis 0-0: Ball
1-0: DOUBLE (Line Drive, 7LM)
Batting: SHB Vicente Pueblo 0-0: Ball
1-0: Foul Ball, location: 2F
1-1: Fly out, F9 (Flyball, 9LS)
Batting: SHB José Carlos Nieves 0-0: Ball
1-0: Called Strike
1-1: Ball
2-1: Foul Ball, location: 2F
2-2: Ground out 6-3 (Groundball, 6S)
Wilbur Davis to third
Batting: RHB Jim Unknown 0-0: Ball
1-0: Ball
2-0: Fly out, F8 (Flyball, 78XD)
Bottom of the 1st over - 0 run(s), 1 hit(s), 0 error(s), 1 left on base; Bakersfield 2 - Pawnee 0
TOP OF THE 2ND
Bakersfield Nobles batting - Pitching for Pawnee ParksNRec : RHP Rodas Aguilar
Batting: SHB Silas Floyd 0-0: Ball
1-0: Ball
2-0: SOLO HOME RUN (Line Drive, 9D), Distance : 385 ft
Batting: LHB Theo Fightmaster 0-0: Swinging Strike
0-1: Swinging Strike
0-2: Ball
1-2: Ground out 5-3 (Groundball, 56)
Batting: RHB Gerjan de Best 0-0: Ball
1-0: Ground out 5-3 (Groundball, 5S)
Batting: RHB Mike Kelly 0-0: Swinging Strike
0-1: Ball
1-1: Foul Ball, location: 2F
1-2: Strikes out swinging
Top of the 2nd over - 1 run(s), 1 hit(s), 0 error(s), 0 left on base; Bakersfield 3 - Pawnee 0
BOTTOM OF THE 2ND
Pawnee ParksNRec batting - Pitching for Bakersfield Nobles : LHP John Kirk
Batting: LHB Ernesto Sánchez 0-0: Ball
1-0: Fly out, F8 (Flyball, 78M)
Batting: RHB Mike Daniels 0-0: Ball
1-0: Foul Ball, location: 2F
1-1: SINGLE (Line Drive, 56D)
Batting: SHB Júlio Camacho 0-0: Ball
Mike Daniels steals 2nd base
1-0: Called Strike
1-1: Ball
2-1: Ground out 6-3 (Groundball, 56)
Batting: RHB Julián Salcido 0-0: Swinging Strike
0-1: Ball
1-1: Foul Ball, location: 2F
1-2: Ball
2-2: Ball
3-2: Base on Balls
Batting: RHB Dale Blair 0-0: Ball
1-0: Ball
2-0: Foul Ball, location: 2F
2-1: Fielders Choice at 2nd, 6-4 (Groundball, 6)
Bottom of the 2nd over - 0 run(s), 1 hit(s), 0 error(s), 1 left on base; Bakersfield 3 - Pawnee 0
TOP OF THE 3RD
Bakersfield Nobles batting - Pitching for Pawnee ParksNRec : RHP Rodas Aguilar
Batting: RHB Gabriel Maldonado 0-0: Foul Ball, location: 2F
0-1: Ball
1-1: Ball
2-1: Foul Ball, location: 2F
2-2: SOLO HOME RUN (Flyball, 8RXD), Distance : 446 ft
Batting: RHB Caleb Lee 0-0: Ground out 6-3 (Groundball, 6)
Batting: LHB Pancho García 0-0: Foul Ball, location: 2F
0-1: Ground out U3 (Groundball, 3)
Batting: LHB Jorge Alejándrez 0-0: Called Strike
0-1: Foul Ball, location: 2F
0-2: Foul Ball, location: 2F
0-2: Foul Ball, location: 2F
0-2: Strikes out swinging
Top of the 3rd over - 1 run(s), 1 hit(s), 0 error(s), 0 left on base; Bakersfield 4 - Pawnee 0
BOTTOM OF THE 3RD
Pawnee ParksNRec batting - Pitching for Bakersfield Nobles : LHP John Kirk
Batting: RHB Wilbur Davis 0-0: Ball
1-0: Fly out, F7 (Flyball, 78S)
Batting: SHB Vicente Pueblo 0-0: Called Strike
0-1: Ball
1-1: Ball
2-1: Ball
3-1: Foul Ball, location: 2F
3-2: Base on Balls
Batting: SHB José Carlos Nieves 0-0: Ball
1-0: Foul Ball, location: 2F
1-1: Ball
2-1: Foul Ball, location: 2F
2-2: Grounds into double play, 5-4-3 (Groundball, 5)
Bottom of the 3rd over - 0 run(s), 0 hit(s), 0 error(s), 0 left on base; Bakersfield 4 - Pawnee 0
TOP OF THE 4TH
Bakersfield Nobles batting - Pitching for Pawnee ParksNRec : RHP Rodas Aguilar
Batting: RHB Alfredo García 0-0: Called Strike
0-1: Ball
1-1: Ground out 6-3 (Groundball, 56)
Batting: SHB Silas Floyd 0-0: Ball
1-0: Foul Ball, location: 2F
1-1: Ball
2-1: Called Strike
2-2: Foul Ball, location: 2F
2-2: Ball
3-2: Strikes out looking
Batting: LHB Theo Fightmaster 0-0: Fly out, F7 (Flyball, 7)
Top of the 4th over - 0 run(s), 0 hit(s), 0 error(s), 0 left on base; Bakersfield 4 - Pawnee 0
BOTTOM OF THE 4TH
Pawnee ParksNRec batting - Pitching for Bakersfield Nobles : LHP John Kirk
Batting: RHB Jim Unknown 0-0: Swinging Strike
0-1: Ground out 6-3 (Groundball, 6)
Batting: LHB Ernesto Sánchez 0-0: Ball
1-0: Ground out 3-1 (Groundball, 34)
Batting: RHB Mike Daniels 0-0: Ball
1-0: Ball
2-0: Swinging Strike
2-1: SINGLE (Flyball, 9LS)
Batting: SHB Júlio Camacho 0-0: Called Strike
0-1: Swinging Strike
0-2: Foul Ball, location: 2F
0-2: Strikes out swinging
Bottom of the 4th over - 0 run(s), 1 hit(s), 0 error(s), 1 left on base; Bakersfield 4 - Pawnee 0
TOP OF THE 5TH
Bakersfield Nobles batting - Pitching for Pawnee ParksNRec : RHP Rodas Aguilar
Batting: RHB Gerjan de Best 0-0: Called Strike
0-1: Fly out, F7 (Flyball, 7S)
Batting: RHB Mike Kelly 0-0: Ball
1-0: Foul Ball, location: 2F
1-1: Ball
2-1: Called Strike
2-2: Fly out, F9 (Flyball, 9LSF)
Batting: RHB Gabriel Maldonado 0-0: Ball
1-0: Ball
2-0: Ball
3-0: Foul Ball, location: 2F
3-1: Base on Balls
Batting: RHB Caleb Lee 0-0: Ball
1-0: Ball
2-0: Ground out 3-1 (Groundball, 34S)
Top of the 5th over - 0 run(s), 0 hit(s), 0 error(s), 1 left on base; Bakersfield 4 - Pawnee 0
BOTTOM OF THE 5TH
Pawnee ParksNRec batting - Pitching for Bakersfield Nobles : LHP John Kirk
Batting: RHB Julián Salcido 0-0: Ball
1-0: Ball
2-0: Called Strike
2-1: Called Strike
2-2: Ball
3-2: Ground out 6-3 (Groundball, 6)
Batting: RHB Dale Blair 0-0: Ball
1-0: Fly out, F9 (Line Drive, 9)
Batting: RHB Wilbur Davis 0-0: Ball
1-0: Foul Ball, location: 2F
1-1: Ball
2-1: Foul Ball, location: 2F
2-2: Foul Ball, location: 2F
2-2: Foul Ball, location: 2F
2-2: Ball
3-2: Foul Ball, location: 2F
3-2: SOLO HOME RUN (Line Drive, 78XD), Distance : 424 ft
Batting: SHB Vicente Pueblo 0-0: Called Strike
0-1: DOUBLE (Line Drive, 7LD)
Batting: SHB José Carlos Nieves 0-0: Called Strike
0-1: Ball
1-1: Swinging Strike
1-2: Ground out 6-3 (Groundball, 6)
Bottom of the 5th over - 1 run(s), 2 hit(s), 0 error(s), 1 left on base; Bakersfield 4 - Pawnee 1
TOP OF THE 6TH
Bakersfield Nobles batting - Pitching for Pawnee ParksNRec : RHP Rodas Aguilar
Batting: LHB Pancho García 0-0: SINGLE (Flyball, 7S)
Batting: LHB Jorge Alejándrez 0-0: Ball
1-0: Ball
2-0: DOUBLE (Groundball, 5L)
Pancho García to third
Batting: RHB Alfredo García 0-0: Called Strike
0-1: Fly out, F2 (Popup, 3S)
Batting: SHB Silas Floyd 0-0: Ball
1-0: Foul Ball, location: 2F
1-1: Foul Ball, location: 2F
1-2: Ball
2-2: SINGLE (Flyball, 89S)
Pancho García scores
Jorge Alejándrez to third
Batting: LHB Theo Fightmaster 0-0: Called Strike
0-1: Swinging Strike
0-2: Ball
1-2: DOUBLE (Line Drive, 9LM)
Jorge Alejándrez scores
Silas Floyd to third
Pitching: RHP Francisco Luevanos
Batting: RHB Gerjan de Best 0-0: Ball
1-0: Foul Ball, location: 2F
1-1: Swinging Strike
1-2: Foul Ball, location: 2F
1-2: Fly out, F9 (Flyball, 9LS)
Batting: RHB Mike Kelly 0-0: Foul Ball, location: 2F
0-1: Ground out 6-3 (Groundball, 6M)
Top of the 6th over - 2 run(s), 4 hit(s), 0 error(s), 2 left on base; Bakersfield 6 - Pawnee 1
BOTTOM OF THE 6TH
Pawnee ParksNRec batting - Pitching for Bakersfield Nobles : LHP John Kirk
Batting: RHB Jim Unknown 0-0: Called Strike
0-1: Ball
1-1: Ground out 6-3 (Groundball, 6)
Batting: LHB Ernesto Sánchez 0-0: DOUBLE (Groundball, 3L)
Batting: RHB Mike Daniels 0-0: Ball
1-0: Ball
2-0: Swinging Strike
2-1: Ball
3-1: Swinging Strike
3-2: Strikes out swinging
Pitching: LHP Juan Méndez
Batting: SHB Júlio Camacho 0-0: Ball
1-0: Ball
2-0: Ball
3-0: Called Strike
3-1: Called Strike
3-2: Base on Balls
Batting: RHB Julián Salcido 0-0: Ball
1-0: Swinging Strike
1-1: Ball
2-1: Fielders Choice at 2nd, 6-4 (Groundball, 6)
Bottom of the 6th over - 0 run(s), 1 hit(s), 0 error(s), 1 left on base; Bakersfield 6 - Pawnee 1
TOP OF THE 7TH
Bakersfield Nobles batting - Pitching for Pawnee ParksNRec : RHP Francisco Luevanos
Batting: RHB Gabriel Maldonado 0-0: Called Strike
0-1: Ball
1-1: Ball
2-1: Ball
3-1: Base on Balls
Batting: RHB Caleb Lee 0-0: Fly out, F3 (Line Drive, 34)
Lined into DP, U3 (Line Drive, 34)
Batting: LHB Pancho García 0-0: Fly out, F3 (Popup, 3L)
Top of the 7th over - 0 run(s), 0 hit(s), 0 error(s), 0 left on base; Bakersfield 6 - Pawnee 1
BOTTOM OF THE 7TH
Pawnee ParksNRec batting - Pitching for Bakersfield Nobles : LHP Juan Méndez
Batting: RHB Dale Blair 0-0: Foul Ball, location: 2F
0-1: Called Strike
0-2: Strikes out swinging
Batting: RHB Wilbur Davis 0-0: Ball
1-0: Swinging Strike
1-1: Ball
2-1: Foul Ball, location: 2F
2-2: Ball
3-2: Foul Ball, location: 2F
3-2: SINGLE (Line Drive, 7LM)
Batting: SHB Vicente Pueblo 0-0: Called Strike
0-1: Foul Ball, location: 2F
0-2: Foul Ball, location: 2F
0-2: Fly out, F5 (Popup, 5L)
Batting: SHB José Carlos Nieves 0-0: Called Strike
0-1: Ball
Wilbur Davis steals 2nd base
1-1: Foul Ball, location: 2F
1-2: Strikes out swinging
Bottom of the 7th over - 0 run(s), 1 hit(s), 0 error(s), 1 left on base; Bakersfield 6 - Pawnee 1
TOP OF THE 8TH
Bakersfield Nobles batting - Pitching for Pawnee ParksNRec : RHP Francisco Luevanos
Batting: LHB Jorge Alejándrez 0-0: Called Strike
0-1: Ball
1-1: Ball
2-1: Ball
3-1: SINGLE (Flyball, 8RS)
Batting: RHB Alfredo García 0-0: Ball
1-0: Swinging Strike
1-1: Fielders Choice at 2nd, 4-6 (Groundball, 34)
Batting: SHB Silas Floyd 0-0: Ball
1-0: Fly out, F3 (Popup, 3L)
Batting: LHB Theo Fightmaster 0-0: Ball
1-0: Called Strike
Alfredo García steals 2nd base
1-1: Ball
2-1: Called Strike
2-2: Ball
3-2: Foul Ball, location: 2F
3-2: Foul Ball, location: 2F
3-2: Fly out, F7 (Flyball, 7)
Top of the 8th over - 0 run(s), 1 hit(s), 0 error(s), 1 left on base; Bakersfield 6 - Pawnee 1
BOTTOM OF THE 8TH
Pawnee ParksNRec batting - Pitching for Bakersfield Nobles : LHP Juan Méndez
Batting: RHB Jim Unknown 0-0: Foul Ball, location: 2F
0-1: Called Strike
0-2: Strikes out swinging
Batting: LHB Ernesto Sánchez 0-0: Ball
1-0: Ball
2-0: Ball
3-0: Called Strike
3-1: Ground out 6-3 (Groundball, 6M)
Batting: RHB Mike Daniels 0-0: Swinging Strike
0-1: Swinging Strike
0-2: Ball
1-2: Ball
2-2: Strikes out swinging
Bottom of the 8th over - 0 run(s), 0 hit(s), 0 error(s), 0 left on base; Bakersfield 6 - Pawnee 1
TOP OF THE 9TH
Bakersfield Nobles batting - Pitching for Pawnee ParksNRec : RHP Francisco Luevanos
Pitching: RHP Jim Unknown
Batting: RHB Gerjan de Best 0-0: Ball
1-0: Ground out 4-3 (Groundball, 6M)
Pitching: RHP Mark Sanders
Batting: RHB Mike Kelly 0-0: Foul Ball, location: 2F
0-1: Swinging Strike
0-2: Foul Ball, location: 2F
0-2: Ball
1-2: Strikes out swinging
Batting: RHB Gabriel Maldonado 0-0: Ball
1-0: Ball
2-0: Ball
3-0: Base on Balls
Batting: RHB Caleb Lee 0-0: Ball
1-0: Ball
2-0: Called Strike
2-1: Ball
3-1: Fly out, F5 (Line Drive, 56)
Top of the 9th over - 0 run(s), 0 hit(s), 0 error(s), 1 left on base; Bakersfield 6 - Pawnee 1
BOTTOM OF THE 9TH
Pawnee ParksNRec batting - Pitching for Bakersfield Nobles : LHP Juan Méndez
Batting: SHB Júlio Camacho 0-0: Ball
1-0: Ball
2-0: Fly out, F7 (Flyball, 78D)
Batting: RHB Julián Salcido 0-0: Ball
1-0: Ground out 6-3 (Groundball, 6M)
Batting: RHB Dale Blair 0-0: Ball
1-0: Called Strike
1-1: Ball
2-1: Foul Ball, location: 2F
2-2: Strikes out looking
Bottom of the 9th over - 0 run(s), 0 hit(s), 0 error(s), 0 left on base; Bakersfield 6 - Pawnee 1
Monday, March 20th, 2017 - OOTP Baseball 17.12 Build 75